 Dungeon Crawl Stone Soup version 0.29.0-4-gdea44cf6ec (webtiles) character file.

Game seed: 12218835716270598706

340 night the Ruffian (level 6, -1/47 HPs)
             Began as a Demonspawn Gladiator on Aug 27, 2022.
             Was a Priest of Ru.
             Slain by Pikel
             ... wielding a +2 whip of freezing
              (4 damage)
             ... on level 4 of the Dungeon.
             The game lasted 00:09:45 (5494 turns).

night the Ruffian (Demonspawn Gladiator)            Turns: 5494, Time: 00:09:46

Health: -1/47      AC: 14    Str: 16    XL:     6   Next: 30%
Magic:  6/6        EV:  8    Int: 10    God:    Ru [***...]
Gold:   174        SH: 12    Dex: 14    Spells: 5/5 levels left

rFire   . . .      SeeInvis .     - Unarmed
rCold   . . .      Faith    .   s - +0 kite shield
rNeg    . . .      Spirit   .   t - +0 scale mail
rPois   +          Reflect  .   b - +1 helmet
rElec   .          Harm     .   (no cloak)
rCorr   .          Rampage  .   (no gloves)
Will    .....                   (no boots)
Stlth   ..........              (no amulet)
HPRegen 0.15/turn               y - ring of poison resistance
MPRegen 0.10/turn               A - ring of willpower

@: sanguine armoured
A: demonic guardian 1, weak-willed 1, unskilled 1, sanguine armour 1,
condensation shield
a: Renounce Religion, Draw Out Power


You were on level 4 of the Dungeon.
You worshipped Ru.
Ru was most pleased with you.
You visited 1 branch of the dungeon, and saw 4 of its levels.
You also visited: Sewer.

You collected 174 gold pieces.

Inventory:

Hand Weapons
 p - a +1 dagger of venom
Missiles
 c - 3 throwing nets
 d - a javelin (quivered)
 e - 40 stones
Armour
 a - a +0 leather armour
 b - a +1 helmet (worn)
 s - a +0 kite shield (worn)
 t - a +0 scale mail (worn)
Jewellery
 q - a ring of fire
 y - a ring of poison resistance (left hand)
 A - a ring of willpower (right hand)
Wands
 D - a wand of roots (12)
Scrolls
 o - a scroll of poison
 v - a scroll of identify
 w - a scroll of fear
 x - a scroll of enchant armour
 B - a scroll of vulnerability {unknown}
 C - a scroll of teleportation
Potions
 f - 2 potions of haste {unknown}
 g - 2 potions of lignification
 h - a potion of cancellation {unknown}
 i - a potion of mutation {unknown}
 j - 3 potions of heal wounds {unknown}
 k - 2 potions of brilliance {unknown}
 l - a potion of might {unknown}
 m - a potion of flight {unknown}
 n - a potion of berserk rage {unknown}
 r - 2 potions of magic {unknown}
 u - a potion of attraction {unknown}
 z - a potion of degeneration {unknown}


   Skills:
 + Level 3.5 Fighting
 - Level 1.5 Throwing
 - Level 2.4 Dodging
 + Level 2.0 Shields
 * Level 4.6 Unarmed Combat


You had 5 spell levels left.
You didn't know any spells.
Your spell library contained the following spells:

 Spells                   Type           Power      Damage    Failure   Level
 Confusing Touch          Hex            0%         N/A       100%        3
 Fireball                 Conj/Fire      0%         3d3       100%        5
 Iskenderun's Battlesphe  Conj           0%         2d6       100%        5
 Yara's Violent Unravell  Hex/Tmut       0%         3d3       100%        5
 Conjure Ball Lightning   Conj/Air       0%         3x3d6     100%        6
 Enfeeble                 Hex            0%         N/A       100%        7
 Orb of Destruction       Conj           0%         9d5       100%        7


Dungeon Overview and Level Annotations

Branches:
Dungeon (4/15)              Sewer (visited)
 Temple: D:4-7

Altars:
Ru

Annotations:
D:4 Pikel


Innate Abilities, Weirdness & Mutations

A weak demonic guardian rushes to your aid.
You are slightly weak-willed. (Will-)
You are somewhat unskilled. (-1 Apt)
When seriously injured, your blood forms armour. (AC +6)
A meltable shield of frost defends you. (SH +4)


Message History

The lemure hits you.
Your blood congeals into armour.
Pikel hits you but does no damage.
You closely miss Pikel.
Pikel is lightly wounded.
The lemure hits you but does no damage.
Pikel hits you with a +2 whip of freezing.
Pikel freezes you.
You hit Pikel.
Pikel is lightly wounded.
The lemure hits you but does no damage. Pikel barely misses you.
You hit Pikel but do no damage.
Pikel is lightly wounded.
You block the lemure's attack. You block Pikel's attack.
You hit Pikel but do no damage.
Pikel is lightly wounded.
You block the lemure's attack. You block Pikel's attack.
You closely miss Pikel.
Pikel is lightly wounded.
You block the lemure's attack. x2
Pikel hits you with a +2 whip of freezing!
Pikel freezes you. The lemure hits you but does no damage.
You block the lemure's attack. The lemure hits you.
* * * LOW HITPOINT WARNING * * *
The lemure hits you.
* * * LOW HITPOINT WARNING * * *
A demonic guardian appears!
You block Pikel's attack.
You are too injured to fight recklessly!
You are too injured to fight recklessly!
You are too injured to fight recklessly!
You are too injured to fight recklessly!
Your ufetubus hits the lemure.
Your ufetubus closely misses the lemure.
You see here a hound corpse.
Your ufetubus barely misses the lemure.
Your ufetubus closely misses the lemure.
The lemure hits you.
* * * LOW HITPOINT WARNING * * *
Pikel attacks as you move away!
Pikel hits you with a +2 whip of freezing.
You die...

.).######.. #.....#
)##### . #.....# .....#
#.....# .#.#.# #.....#
....## #.....# #.###
..##...5.# ....#
.......5.#
.#.##.....###..5K5# #
..## .......####@## .#
#..# #.>......#.##..#
..##.##...#.##.#.....#..
.###.##.....#...........
..##.##..........<......
.###.##...#.##..........
.#..................####
.##..#..#.#.†..........
.##..#................#


You could see Pikel, 3 lemures and a friendly ufetubus (summoned).

Vanquished Creatures
  A necrophage (D:3)
  A hound (D:4)
  Robin (D:3)
  A gnoll (D:4)
  6 adders
  5 river rats (Sewer)
  2 worms
  5 dart slugs
  An orc (D:3)
  8 bats
  14 endoplasms
  3 giant cockroaches
  15 goblins
  7 hobgoblins
  5 jackals
  6 quokkas
  5 ball pythons
  3 frilled lizards
  8 kobolds
  14 rats
111 creatures vanquished.

Vanquished Creatures (collateral kills)
  2 kobolds (Sewer)
2 creatures vanquished.

Vanquished Creatures (others)
  A quokka (D:3)
  A kobold (D:1)
  9 plants (Sewer)
11 creatures vanquished.

Grand Total: 124 creatures vanquished

Notes
Turn   | Place    | Note
-------+----------+-------------------------------------------
     0 | D:1      | night the Demonspawn Gladiator began the quest for the Orb.
     0 | D:1      | Reached XP level 1. HP: 16/16 MP: 1/1
   316 | D:1      | Reached skill level 3 in Unarmed Combat
   323 | D:1      | Gained mutation: A meltable shield of frost defends you.
                  | (SH +4) [demonic ancestry]
   323 | D:1      | Reached XP level 2. HP: 22/22 MP: 2/2
   785 | D:1      | Found a faded altar of an unknown god.
   797 | D:1      | Prayed at the altar of an unknown god.
   797 | D:1      | Became a worshipper of Ru the Awakened
   800 | D:1      | Gained mutation: You are somewhat unskilled. (-1 Apt) [Ru
                  | sacrifice]
   800 | D:1      | Reduced skill Unarmed Combat to level 2
   800 | D:1      | Reached * piety under Ru
   824 | D:1      | Reached skill level 3 in Unarmed Combat
  1094 | D:1      | Reached XP level 3. HP: 13/27 MP: 3/3
  2727 | D:3      | Found a glowing drain.
  2732 | Sewer    | Entered a sewer
  2738 | Sewer    | Gained mutation: A weak demonic guardian rushes to your
                  | aid. [demonic ancestry]
  2738 | Sewer    | Reached XP level 4. HP: 31/34 MP: 4/4
  3257 | Sewer    | Reached skill level 1 in Shields
  3375 | Sewer    | Reached XP level 5. HP: 40/40 MP: 5/5
  3428 | Sewer    | Reached skill level 4 in Unarmed Combat
  4141 | D:3      | Noticed Robin
  4185 | D:3      | Killed Robin
  4569 | D:3      | Gained mutation: When seriously injured, your blood forms
                  | armour. (AC +6) [demonic ancestry]
  4569 | D:3      | Reached XP level 6. HP: 39/47 MP: 6/6
  4690 | D:3      | Gained mutation: You are slightly weak-willed. (Will-) [Ru
                  | sacrifice]
  4690 | D:3      | Reached ** piety under Ru
  4690 | D:3      | Reached *** piety under Ru
  5476 | D:4      | Noticed Pikel
  5479 | D:4      | Reached skill level 2 in Shields
  5493 | D:4      | HP: 3/47 [lemure[Pikel] (6)]
  5494 | D:4      | Slain by Pikel

Illustrated notes

Levels and vault maps discovered:
D:1:      matt_arrival_refuge, layout_basic, hellmonk_ecumenical_altar_zigzags
D:2:      layout_loops_cross
D:3:      layout_loops_ring, gup_sewer_entry_bowl, uniq_robin
D:4:      minmay_spotlight, layout_basic, corexii_shack, uniq_pikel

Skill      XL: |  1  2  3  4  5  6 |
---------------+-------------------+-----
Unarmed Combat | 3 3 4 |  4.6
Shields        | 1 2 |  2.0
Fighting       | 3 |  3.5
Throwing       | |  1.5
Dodging        | |  2.4

Action                   |  1- 3 |  4- 6 || total
-------------------------+-------+-------++-------
Melee: Unarmed           |   227 |   304 ||   531
       Punch             |     3 |       ||     3
Throw: Javelin           |     1 |       ||     1
Invok: Sacrifice Skill   |     1 |       ||     1
       Sacrifice Essence |       |     1 ||     1
  Use: Scroll            |     5 |     3 ||     8
       Potion            |     1 |       ||     1
 Stab: Sleeping          |     1 |       ||     1
       Distracted        |       |     2 ||     2
Armor: Leather armour    |    36 |       ||    36
       Scale mail        |    36 |    89 ||   125
       Skin              |     3 |       ||     3
Dodge: Dodged            |   112 |    69 ||   181
Block: Other             |    14 |       ||    14
       Kite shield       |    38 |   186 ||   224
